AoeStats
← tbzachary

Black Forest

505331943Analyzed
2v2 RM · 25d ago on Sep 8, 2026· 21m 15s· 4 players
Game mode
Random Map
Map size
Medium (4 player)
Population
200
Speed
Normal
Resources
Standard
Victory
Conquest
Starting age
Dark Age
Ending age
Imperial Age
RankedLock teamsTeams togetherTeam positionsShared explorationLock speedFull tech treeHidden civsTurbo modeCheats
Victory
Defeat
🇺🇸 Khmer · United States
790
+14
🇨🇴 Britons · Colombia
674
+19
🇹🇷 Teutons · Türkiye
758
-17
🇵🇹 Franks · Portugal
742
-16
pedrollobo
1:20 Loom
16:06 Feudal Age
17:25 Man-at-Arms
20:06 Wheelbarrow
metinyus5
13:09 Feudal Age
14:25 Double-Bit Axe
14:22 Horse Collar
14:35 Gold Mining
20:35 Castle Age
20:20 Wheelbarrow
19:31 Loom
19:31 Town Watch
TinselFan831357
10:07 Feudal Age
10:45 Double-Bit Axe
10:45 Man-at-Arms
11:17 Horse Collar
tbzachary
1:06 Loom
12:18 Feudal Age
18:26 Castle Age
19:33 Double-Bit Axe
19:30 Horse Collar
Connection lost

Rejoining the realm…

Still unreachable

The connection could not be restored.

Session expired

The server has moved on; the page needs a fresh start.